 Dungeon Crawl Stone Soup version 0.19-a0-1883-gc9e4fd8 (webtiles) character file.

3977 JeffiDaFish the Covert (level 10, -3/70 HPs)
             Began as a Vampire Enchanter on Oct 14, 2016.
             Was an Initiate of Dithmenos.
             Slain by a wolf (10 damage)
             ... led by Grum
             ... on level 8 of the Dungeon.
             The game lasted 00:27:59 (8249 turns).

JeffiDaFish the Covert (Vampire Enchanter)          Turns: 8249, Time: 00:28:00

Health: -3/70      AC:  7    Str: 10    XL:     10   Next: 2%
Magic:  5/17       EV: 15    Int: 18    God:    Dithmenos [......]
Gold:   485        SH:  0    Dex: 15    Spells: 4 memorised, 10 levels left

rFire  . . .     SeeInvis +     p - +3 dagger (drain)
rCold  + . .     Gourm    .     b - +2 robe
rNeg   + + .     Faith    .     (no shield)
rPois  +         Spirit   .     (no helmet)
rElec  .         Dismiss  .     (no cloak)
rCorr  .         Reflect  .     s - +2 pair of gloves
MR     +....     Harm     .     (no boots)
Stlth  ++++++....               (no amulet)
                                (no ring)
                                e - ring of see invisible

@: regenerating slowly
A: fangs 3, see invisible, unbreathing
a: Bat Form, Renounce Religion


You were on level 8 of the Dungeon.
You worshipped Dithmenos.
Dithmenos was noncommittal.
You were thirsty.

You visited 2 branches of the dungeon, and saw 10 of its levels.

You collected 485 gold pieces.

Inventory:

Hand Weapons
 a - a +2 dagger
 m - a +0 dagger of venom
 p - a +3 dagger of draining (weapon)
Armour
 b - a +2 robe (worn)
 s - a +2 pair of gloves (worn)
Jewellery
 e - a ring of see invisible (left hand)
Wands
 k - a wand of lightning (5/15)
 l - a wand of random effects (29/48)
 w - a wand of polymorph (19/24)
Scrolls
 f - 4 scrolls of identify
 g - 3 scrolls of magic mapping
 i - 3 scrolls of recharging
 j - 6 scrolls of remove curse
 q - 2 scrolls of teleportation
 u - a scroll of immolation
 v - a scroll of blinking {unknown}
Potions
 d - 16 potions of blood
 h - 6 potions of curing
 n - a potion of heal wounds
 o - 2 potions of brilliance
 t - a potion of magic
 x - 2 potions of haste
Books
 c - a book of Maledictions

   Spells                             Type                      Level
   a - Corona                         Hexes                        1
   b - Ensorcelled Hibernation        Hexes/Ice                    2
   c - Confuse                        Hexes                        3
   d - Tukima's Dance                 Hexes                        3
   e - Dazzling Spray                 Conjuration/Hexes            3
 r - a book of Callings

   Spells                             Type                      Level
   a - Summon Small Mammal            Summoning                    1
   b - Call Imp                       Summoning                    2
   c - Call Canine Familiar           Summoning                    3
   d - Summon Guardian Golem          Hexes/Summoning              3
   e - Summon Lightning Spire         Summoning/Air                4
   f - Summon Ice Beast               Ice/Summoning                4


   Skills:
 + Level 3.3 Fighting
 + Level 5.9 Short Blades
 + Level 5.5 Dodging
 + Level 13.6 Stealth
 + Level 5.2 Spellcasting
 + Level 8.5 Hexes
 + Level 0.2 Summonings
 + Level 3.0 Ice Magic


You had 10 spell levels left.
You knew the following spells:

 Your Spells              Type           Power        Failure   Level  Hunger
a - Corona                Hex            #####..      1%          1    None
b - Ensorcelled Hibernat  Hex/Ice        ####..       1%          2    #......
c - Confuse               Hex            #####...     1%          3    ##.....
d - Summon Guardian Gole  Hex/Summ       ###.....     10%         3    ##.....


Dungeon Overview and Level Annotations

Branches:
Dungeon (9/15)             Temple (1/1) D:7
   Lair: D:8-11         Orc: D:9-12

Altars:
Cheibriados
Dithmenos
Elyvilon
Hepliaklqana
Kikubaaqudgha
Makhleb
Nemelex Xobeh
Okawaru
Qazlal
Ru
Trog
Uskayaw
Vehumet
Yredelemnul

Annotations:
D:8 Grum


Innate Abilities, Weirdness & Mutations

You heal slowly.
You have razor-sharp teeth.
You have supernaturally acute eyesight. (SInv)
You can survive without breathing.


Message History

The wolf bites you. The wolf barely misses you. The wolf closely misses you.
The wolf bites you. The wolf completely misses you.
The wolf closely misses you. The wolf misses you. Grum closely misses you.
The wolf bites you. The wolf barely misses you.
The wolf bites you but does no damage. The wolf misses you.
The wolf closely misses you. Grum hits you from afar with a spear!!
* * * LOW HITPOINT WARNING * * *
The wolf misses you.
You open the door. The wolf bites you.
* * * LOW HITPOINT WARNING * * *
The wolf barely misses you. The wolf bites you.
* * * LOW HITPOINT WARNING * * *
Grum hits you but does no damage. The wolf barely misses you.
The wolf misses you.
There is an open door here.
The wolf bites you!
You die...

#####################.......#
....................'.......#
..............).....#.......#
....................#.......#
....................#.......#
....................#.......#
.....##....####..####.......#
..... #....####..#.......####
##.. #.....#...@hgh.....#
##+####.....#....#.......+
.....#......#....#...)...#
.....##....###...#.......#+######
.....##....###...###.............
##...##).....#.....#.............
##...##......#.....#.............
##...........#.....#.............
##...........#.....#........<..g.


You could see Grum and 2 wolves.

Vanquished Creatures
  Erica (D:8)
  Joseph (D:7)
  Grinder (D:4)
  Prince Ribbit (D:8)
  A hippogriff (D:7)
  A hungry ghost (D:8)
  4 black bears
  4 ogres
  A wolf (D:8)
  A centaur (D:5)
  2 bullfrogs
  2 scorpions
  A water moccasin skeleton (D:4)
  2 howler monkeys
  4 crimson imps
  3 jellies
  9 orc wizards
  A quasit (D:9)
  2 orc priests
  A hound (D:5)
  A centaur skeleton (D:5)
  3 iguanas
  8 worker ants
  3 gnolls (D:3)
  9 adders
  A howler monkey skeleton (D:4)
  3 shadow imps
  A worm (D:2)
  2 dart slugs (D:1)
  4 leopard geckos
  13 orcs
  3 bats
  2 giant cockroaches
  8 goblins
  5 hobgoblins
  4 jackals (D:3)
  7 quokkas
  2 ball pythons
  8 frilled lizards
  5 kobolds
  2 leopard gecko skeletons
  A quokka zombie (D:6)
  6 rats
144 creatures vanquished.

Notes
Turn   | Place    | Note
-------+----------+-------------------------------------------
     0 | D:1      | JeffiDaFish the Vampire Enchanter began the quest for the Orb.
     0 | D:1      | Reached XP level 1. HP: 13/13 MP: 3/3
   516 | D:1      | Reached XP level 2. HP: 19/19 MP: 5/5
   873 | D:2      | Reached skill level 5 in Stealth
  1040 | D:2      | Learned a level 2 spell: Ensorcelled Hibernation
  1110 | D:2      | Reached skill level 5 in Hexes
  1110 | D:2      | Reached XP level 3. HP: 15/25 MP: 3/6
  1475 | D:2      | Found a hide-covered altar of Uskayaw.
  1679 | D:2      | HP: 1/25 [something (24)]
  2184 | D:3      | Reached skill level 1 in Fighting
  2235 | D:3      | Reached XP level 4. HP: 29/32 MP: 7/7
  2434 | D:3      | Reached skill level 6 in Stealth
  2559 | D:3      | Learned a level 3 spell: Confuse
  3273 | D:4      | Reached XP level 5. HP: 23/37 MP: 5/8
  3659 | D:4      | Noticed Grinder
  3680 | D:4      | Paralysed by Grinder for 6 turns
  3684 | D:4      | Killed Grinder
  3684 | D:4      | Reached skill level 7 in Stealth
  3684 | D:4      | Reached skill level 1 in Ice Magic
  3684 | D:4      | Reached XP level 6. HP: 28/43 MP: 4/10
  4123 | D:4      | Reached skill level 8 in Stealth
  4391 | D:4      | Reached XP level 7. HP: 36/49 MP: 6/11
  5010 | D:5      | Entered Level 5 of the Dungeon
  5068 | D:5      | Reached skill level 9 in Stealth
  5492 | D:5      | Reached skill level 10 in Stealth
  5847 | D:5      | Reached XP level 8. HP: 56/56 MP: 13/13
  6029 | D:6      | Learned a level 3 spell: Summon Guardian Golem
  6508 | D:6      | Reached skill level 11 in Stealth
  6904 | D:7      | Noticed a hippogriff
  6928 | D:7      | Killed a hippogriff
  6928 | D:7      | Reached XP level 9. HP: 58/62 MP: 9/15
  6979 | D:7      | Reached skill level 12 in Stealth
  7077 | D:7      | Noticed Joseph
  7080 | D:7      | Killed Joseph
  7080 | D:7      | Reached skill level 5 in Dodging
  7102 | D:7      | Reached skill level 5 in Short Blades
  7185 | D:7      | Found a staircase to the Ecumenical Temple.
  7450 | Temple   | Entered the Ecumenical Temple
  7573 | Temple   | Became a worshipper of Dithmenos the Shadowed
  7707 | D:7      | You fall through a shaft for 2 floors!
  7785 | D:8      | Noticed Grum
  7789 | D:8      | Noticed Prince Ribbit
  8157 | D:8      | Killed Prince Ribbit
  8157 | D:8      | Reached skill level 13 in Stealth
  8173 | D:8      | Noticed Erica
  8207 | D:8      | Killed Erica
  8207 | D:8      | Reached skill level 5 in Spellcasting
  8207 | D:8      | Reached XP level 10. HP: 63/70 MP: 1/17
  8249 | D:8      | Slain by a wolf

Vault maps used:
D:1:      matt_arrival_los_fun
D:2:      eat_drink_and_be_merry_uskayaw, first_bread, columned_hall_lemuel,
          lemuel_flame_loot_1
D:4:      uniq_grinder
D:7:      uniq_joseph
D:8:      serial_shops, nicolae_shop_stone, uniq_erica, uniq_grum,
          uniq_prince_ribbit1
D:9:      evilmike_ruin_ashenzari, marbit_many_paths
Temple:   hc_temple_tempest_star

Skill      XL: |  1  2  3  4  5  6  7  8  9 |
---------------+----------------------------+-----
Stealth        | 5 6 7 8 10 11 13 | 13.6
Hexes          | 5 6 8 |  8.5
Fighting       | 1 2 3 |  3.3
Short Blades   | 2 3 4 5 |  5.9
Ice Magic      | 1 3 |  3.0
Dodging        | 3 4 5 |  5.5
Spellcasting   | 3 4 5 |  5.2
Summonings     | |  0.2

Action                   |  1- 3 |  4- 6 |  7- 9 | 10-12 || total
-------------------------+-------+-------+-------+-------++-------
Melee: Dagger            |   113 |   103 |   319 |     2 ||   537
       Bite              |     8 |     9 |    23 |       ||    40
 Cast: Ensorcelled Hiber |     2 |     8 |    20 |     1 ||    31
       Corona            |     1 |       |       |       ||     1
       Confuse           |       |     1 |    17 |       ||    18
       Summon Guardian G |       |       |     1 |       ||     1
  Use: Potion            |     9 |    10 |    18 |       ||    37
       Scroll            |     7 |       |     8 |       ||    15
 Stab: Sleeping          |    13 |    11 |    36 |       ||    60
       Confused          |       |     1 |     6 |       ||     7
Armor: Robe              |    22 |    15 |    65 |     7 ||   109
Dodge: Dodged            |    60 |    48 |   160 |    37 ||   305
